 Dungeon Crawl Stone Soup version 0.20-a0-1018-ge435b50 (webtiles) character file.

69 Gorglomux the Slasher (level 4, 0/23 HPs)
             Began as a Vine Stalker Skald on Apr 17, 2017.
             Slain by Yanek's ghost (12 damage)
             ... on level 3 of the Dungeon.
             The game lasted 00:04:58 (1665 turns).

Gorglomux the Slasher (Vine Stalker Skald)          Turns: 1665, Time: 00:04:59

Health: 0/23       AC:  3    Str: 15    XL:     4   Next: 20%
Magic:  0/8        EV: 12    Int: 13    God:
Gold:   117        SH:  0    Dex: 13    Spells: 6/7 levels left

rFire    . . .     SeeInvis .   a - +0 falchion
rCold    . . .     Gourm    .   (no shield)
rNeg     . . .     Faith    .   b - +0 leather armour
rPois    .         Spirit   +   (no helmet)
rElec    .         Reflect  .   (no cloak)
rCorr    .         Harm     .   (no gloves)
MR       .....                  (no boots)
Stlth    +.........             (no amulet)
Regen    0.5/turn               (no ring)
MPRegen  0.2/turn               (no ring)

@: infused
A: fangs 2, regeneration 1, magic shield, antimagic bite, no potion heal 3, rot
immunity
a: no special abilities


You were on level 3 of the Dungeon.
You were not hungry.

You visited 1 branch of the dungeon, and saw 3 of its levels.

You collected 117 gold pieces.

Inventory:

Hand Weapons
 a - a +0 falchion (weapon)
Missiles
 u - 2 throwing nets {=f, !d}
Armour
 b - a +0 leather armour (worn)
Scrolls
 f - a scroll of fear {unknown}
 i - 2 scrolls of teleportation {unknown}
 j - 3 scrolls of remove curse {unknown}
 m - 4 scrolls of identify {unknown}
 q - 2 scrolls of immolation {unknown}
 r - a scroll of magic mapping {unknown}
 t - a scroll of random uselessness {unknown}
 v - a scroll of fog {unknown}
Potions
 e - a potion of curing {unknown}
 h - a potion of agility {unknown}
 k - 2 potions of degeneration {unknown}
 n - 2 potions of flight
 o - a potion of magic {unknown}
 p - 2 potions of mutation {unknown}
Books
 c - a book of Battle
Comestibles
 d - 4 bread rations {@e1@e1}
 g - 2 royal jellies
 l - 3 fruits
 s - 4 chunks of flesh {@w0@w0}
 w - a meat ration {@e2@e2}


   Skills:
 - Level 1.7 Fighting
 + Level 3.9 Long Blades
 - Level 0.7 Armour
 - Level 1.5 Dodging
 - Level 2.1 Spellcasting
 - Level 3.0 Charms


You had 6 spell levels left.
You knew the following spells:

 Your Spells              Type           Power        Failure   Level  Hunger
a - Infusion              Chrm           #...         10%         1    ##.....


Dungeon Overview and Level Annotations

Branches:
Dungeon (3/15)

Altars:

Annotations:
D:3 Yanek's ghost, amateur DrBe


Innate Abilities, Weirdness & Mutations

You have extremely sharp teeth.
Your natural rate of healing is unusually fast.
When hurt, damage is shared between your health and your magic reserves.
Your bite disrupts and absorbs the magic of your enemies.
Potions cannot restore your health.
You are immune to rotting.


Message History

No target in view!
No target in view!
No target in view!
No target in view!
No target in view!
No target in view!
No target in view!
You see here a frilled lizard corpse.
You butcher the frilled lizard corpse.
s - a chunk of flesh {@w0@w0} Health restored: 23 A frilled lizard comes into view.
The frilled lizard hisses angrily.
Something bites the plant but does no damage.
Things that are here:
a frilled lizard corpse x3
You butcher the frilled lizard corpse.
Items here: % ÷ †† a chunk of flesh {@w0@w0}; a frilled lizard skeleton; a frilled lizard corpse x2
You butcher the frilled lizard corpse.
Items here: %% ÷ † a chunk of flesh {@w0@w0}; a frilled lizard skeleton; a chunk of flesh {@w0@w0} a frilled lizard corpse You butcher the frilled lizard corpse.
Items here: %%% ÷ a chunk of flesh {@w0@w0}; a frilled lizard skeleton; a chunk of flesh {@w0@w0} x2
There isn't anything to butcher here.
You closely miss the frilled lizard. Your bite misses the frilled lizard.
The frilled lizard bites you but does no damage.
You miss the frilled lizard.
The frilled lizard bites you but does no damage.
The frilled lizard bites you.
You take 1 damage, and have 22/23 hp.
You closely miss the frilled lizard.
Something bites the plant but does no damage.
The frilled lizard bites you but does no damage.
The frilled lizard barely misses you.
You riposte.
You hit the frilled lizard.
You kill the frilled lizard!
Health restored: 23 You now have 1/8 mp.
You hit the frilled lizard!
You kill the frilled lizard!
A leopard gecko comes into view.
You now have 0/8 mp.
A frilled lizard comes into view.
The leopard gecko hisses angrily.
The frilled lizard hisses angrily.
You barely miss the frilled lizard.
Your magical infusion is running out.
The frilled lizard misses you.
You riposte.
You hit the frilled lizard!
You kill the frilled lizard!
You now have 0/8 mp.
You hit the leopard gecko.
You kill the leopard gecko!
No target in view!
No target in view!
No target in view!
No target in view!
No target in view!
No target in view!
No target in view!
No target in view!
s - 2 chunks of flesh {@w0@w0} (gained 1)
s - 3 chunks of flesh {@w0@w0} (gained 1)
s - 4 chunks of flesh {@w0@w0} (gained 1)
You see here a frilled lizard skeleton.
You are no longer magically infusing your attacks.
Yanek's ghost (amateur Draconian Berserker) comes into view.
Yanek's ghost turns its malevolent gaze towards you.
Yanek's ghost moves out of view.
An adder comes into view.
You see here a frilled lizard skeleton.
There is an open door here.
You see here a hunting sling.
Yanek's ghost shrieks, "To die, to sleep, no more."
There is an open door here.
Yanek's ghost holds its blade at the ready.
You close the door.
You start resting.
Yanek's ghost (amateur Draconian Berserker) opens the door.
There is a stone staircase leading up here.
Here: Yanek's ghost The floor.
You begin infusing your attacks with magical energy.
You now have 5/8 mp.
You swing at nothing.
Okay, then.
You hit Yanek's ghost. Yanek's ghost hits you!
You take 8 damage, and have 15/23 hp.
MASSIVE DAMAGE!!
You now have 4/8 mp.
You closely miss Yanek's ghost. Your bite misses Yanek's ghost.
Yanek's ghost screams in joy, "As in life, so in death: Kill!
Kill!!
Kill!!!"
Yanek's ghost hits you.
You take 4 damage, and have 11/23 hp.
You now have 3/8 mp.
You hit Yanek's ghost! Yanek's ghost barely misses you.
You now have 2/8 mp.
Unknown command.
You hit Yanek's ghost. Yanek's ghost hits you!
Ouch! That really hurt!
You die...

.###.......♣
#+##......♣♣
.......#.♣♣ .....W##
♣ ......# ......#
......###### ###
...........########.#
.#####.....'...W@.#.#
#.# #.#...######.#.#
### #.##### #.#.# #.#
#...# #.# ##### #.#
#.# #.# #.#


You could see Yanek's ghost.

Vanquished Creatures
  2 adders
  A worm (D:3)
  A dart slug (D:2)
  4 leopard geckos
  2 ball pythons
  A giant cockroach (D:1)
  3 goblins
  4 hobgoblins
  7 bats
  11 frilled lizards
  7 kobolds
  2 rats (D:2)
45 creatures vanquished.

Notes
Turn   | Place    | Note
-------+----------+-------------------------------------------
     0 | D:1      | Gorglomux the Vine Stalker Skald began the quest for the Orb.
     0 | D:1      | Reached XP level 1. HP: 11/11 MP: 4/4
    17 | D:1      | Reached skill level 2 in Long Blades
   272 | D:1      | Reached XP level 2. HP: 15/15 MP: 4/6
   669 | D:2      | Reached skill level 3 in Long Blades
   981 | D:2      | Reached XP level 3. HP: 14/18 MP: 0/7
  1478 | D:3      | Gained mutation: Your natural rate of healing is unusually fast. [Vine Stalker growth]
  1478 | D:3      | Reached XP level 4. HP: 16/23 MP: 5/8
  1606 | D:3      | Noticed Yanek's ghost (amateur DrBe)
  1665 | D:3      | Slain by Yanek's ghost

Vault maps used:
D:1:      co_arrival_random_square_maze
D:3:      led_sif_pool, minmay_lizard_king, uniq_crazy_yiuf_cottage

Skill      XL: |  1  2 |
---------------+-------+-----
Long Blades    | 2 3 |  3.9
Fighting       | |  1.7
Armour         | |  0.7
Dodging        | |  1.5
Spellcasting   | |  2.1
Charms         | |  3.0

Action                   |  1- 3 |  4- 6 || total
-------------------------+-------+-------++-------
Melee: Falchion          |    81 |    28 ||   109
       Bite              |    15 |     5 ||    20
 Cast: Infusion          |    16 |     3 ||    19
  Use: Potion            |     2 |       ||     2
 Stab: Sleeping          |     1 |       ||     1
  Eat: Chunk             |     2 |     1 ||     3
Armor: Leather armour    |    17 |     5 ||    22
Dodge: Dodged            |    60 |    20 ||    80
       Rpst.: Falchion   |    13 |     7 ||    20

Vault maps used:
D:1:      co_arrival_random_square_maze
D:3:      led_sif_pool, minmay_lizard_king, uniq_crazy_yiuf_cottage

Table legend:
 A = Turns spent in this place as a percentage of turns spent in the entire game.
 B = Non-inter-level travel turns spent in this place as a percentage of non-inter-level travel turns spent in the entire game.
 C = Inter-level travel turns spent in this place as a percentage of turns spent in this place.
 D = Turns resting spent in this place as a percentage of non-inter-level travel turns spent in this place.
 E = Turns spent auto-exploring this place as a percentage of non-inter-level travel turns spent in this place.
 F = Non-inter-level travel turns spent in this place divided by the number of levels of this place that you've seen.
                   A       B       C       D       E      F
               +-------+-------+-------+-------+-------+----------------------
         Total | 100.0 | 100.0 |   0.4 |   5.2 |  12.6 | 174.3
       Dungeon | 100.0 | 100.0 |   0.4 |   5.2 |  12.6 | 174.3
               +-------+-------+-------+-------+-------+----------------------

Table legend:
 A = Kills in this place as a percentage of kills in entire the game.
 B = Kills by you in this place as a percentage of kills by you in the entire game.
 C = Kills by friends in this place as a percentage of kills by friends in the entire game.
 D = Other kills in this place as a percentage of other kills in the entire game.
 E = Experience gained in this place as a percentage of experience gained in the entire game.
 F = Experience gained in this place divided by the number of levels of this place that you have seen.
                   A       B       C       D       E      F
               +-------+-------+-------+-------+-------+----------------------
         Total | 100.0 | 100.0 |  -nan |  -nan | 100.0 |  33.0
       Dungeon | 100.0 | 100.0 |  -nan |  -nan | 100.0 |  33.0
               +-------+-------+-------+-------+-------+----------------------
